 Dungeon Crawl Stone Soup version 0.23.2-1-ga50397a (webtiles) character file.

Game seed: 12111136989855959915

9059 IBeShadow the Protected (level 11, -3/85 HPs)
             Began as a Gnoll Wanderer on May 28, 2019.
             Was a Priest of Cheibriados.
             Slain by a hippogriff (5 damage)
             ... on level 1 of the Lair of Beasts.
             The game lasted 00:24:46 (14123 turns).

IBeShadow the Protected (Gnoll Wanderer)           Turns: 14123, Time: 00:24:47

Health: -3/85      AC: 14    Str: 27    XL:     11   Next: 40%
Magic:  16/20      EV: 16    Int: 25    God:    Cheibriados [***...]
Gold:   452        SH:  0    Dex: 26    Spells: 20/22 levels left

rFire    . . .     SeeInvis .   a - +1 halberd (freeze)
rCold    . . .     Gourm    .   (shield currently unavailable)
rNeg     . . .     Faith    +   b - +2 scale mail
rPois    .         Spirit   .   (no helmet)
rElec    .         Reflect  .   O - +0 cloak
rCorr    .         Harm     .   (no gloves)
MR       .....                  g - +1 pair of boots
Stlth    +++.......             P - amulet "Pyovveif" {Faith Dex+4}
HPRegen  0.24/turn              B - +3 ring of strength
MPRegen  0.17/turn              y - +6 ring of intelligence

@: flying, studying Unarmed Combat, very slow
A: distributed training, fangs 1, strong nose
a: Bend Time, Temporal Distortion, Renounce Religion


You were on level 1 of the Lair of Beasts.
You worshipped Cheibriados.
Cheibriados was most pleased with you.
You were not hungry.

You visited 3 branches of the dungeon, and saw 11 of its levels.
You also visited: Sewer.

You collected 452 gold pieces.

Inventory:

Hand Weapons
 a - a +1 halberd of freezing (weapon)
 t - a +0 blowgun
 L - a +0 shortbow
Missiles
 j - 13 tomahawks (quivered)
 m - 85 bolts
 v - 37 poisoned needles
 H - 43 arrows
Armour
 b - a +2 scale mail (worn)
 g - a +1 pair of boots (worn)
 O - a +0 cloak (worn)
Magical Staves
 I - an uncursed staff of cold {unknown}
Jewellery
 e - an uncursed amulet of guardian spirit
 r - an uncursed amulet of magic regeneration
 y - a +6 ring of intelligence (right hand)
 B - a +3 ring of strength (left hand)
 P - the amulet "Pyovveif" (around neck) {Faith Dex+4}
   (You found it on level 9 of the Dungeon)

   [amulet of faith]

   It allows you to gain divine favour quickly.
   It affects your dexterity (+4).
Wands
 d - a wand of acid (8)
 F - a wand of random effects (21)
 G - a wand of disintegration (11)
 K - a wand of polymorph (9)
 N - a wand of enslavement (6)
Scrolls
 c - 8 scrolls of teleportation
 i - a scroll of immolation
 k - 2 scrolls of fog
 l - 2 scrolls of remove curse
 n - 5 scrolls of blinking
 o - 5 scrolls of amnesia
 q - 4 scrolls of magic mapping
 s - 3 scrolls of fear
 w - a scroll of noise {unknown}
 x - 3 scrolls of enchant armour
 A - a scroll of enchant weapon
 R - a scroll of identify
Potions
 h - a potion of might
 p - 3 potions of brilliance
 u - a potion of magic
 z - a potion of lignification {unknown}
 C - a potion of curing
 D - 3 potions of flight
 E - a potion of mutation {unknown}
 J - a potion of ambrosia {unknown}
 Q - a potion of invisibility {unknown}
Books
 M - a manual of Unarmed Combat
Comestibles
 f - 12 rations


   Skills:
 + Level 7.7 Fighting
 + Level 6.1 Short Blades
 + Level 6.1 Long Blades
 + Level 6.7 Axes
 + Level 6.1 Maces & Flails
 + Level 6.1 Polearms
 + Level 6.1 Staves
 + Level 6.1 Slings
 + Level 6.1 Bows
 + Level 6.7 Crossbows
 + Level 6.1 Throwing
 + Level 10.4 Armour
 + Level 6.1 Dodging
 + Level 7.5 Stealth
 + Level 6.1 Shields
 + Level 7.5 Unarmed Combat
 + Level 6.1 Spellcasting
 + Level 5.1 Conjurations
 + Level 5.1 Hexes
 + Level 5.1 Charms
 + Level 5.1 Summonings
 + Level 5.1 Necromancy
 + Level 5.1 Translocations
 + Level 5.1 Transmutations
 + Level 5.1 Fire Magic
 + Level 5.1 Ice Magic
 + Level 5.1 Air Magic
 + Level 5.1 Earth Magic
 + Level 5.1 Poison Magic
 + Level 6.7 Invocations
 + Level 6.1 Evocations


You had 20 spell levels left.
You knew the following spells:

 Your Spells              Type           Power        Failure   Level  Hunger
a - Call Imp              Summ           ####....     2%          2    None

Your spell library contained the following spells:

 Spells                   Type           Power        Failure   Level  Hunger
 Corona                   Hex            ####...      1%          1    None
 Summon Small Mammal      Summ           ####         1%          1    None
 Ensorcelled Hibernation  Hex/Ice        ####..       2%          2    None
 Call Canine Familiar     Summ           ####....     5%          3    None
 Confuse                  Hex            ####....     5%          3    None
 Dazzling Spray           Conj/Hex       ####..       5%          3    None
 Summon Guardian Golem    Hex/Summ       ####....     5%          3    None
 Tukima's Dance           Hex            ####....     5%          3    None
 Summon Ice Beast         Ice/Summ       ####....     17%         4    ###....
 Summon Lightning Spire   Summ/Air       ####....     17%         4    ###....


Dungeon Overview and Level Annotations

Branches:
Dungeon (9/15)             Temple (1/1) D:6            Lair (1/6) D:8
    Orc: D:9-12

Altars:
Ashenzari
Cheibriados
Dithmenos
Elyvilon
Fedhas
Gozag
Hepliaklqana
Kikubaaqudgha
Makhleb
Nemelex Xobeh
Okawaru
Qazlal
Ru
Sif Muna
Trog
Uskayaw
Vehumet
Wu Jian
Xom
Yredelemnul
Zin
The Shining One

Annotations:
D:5 1 runed translucent door, ThePandamanX's ghost, amateur MiBe
D:8 3 runed translucent doors, ahnwi's ghost, novice TrAK; growler's ghost, novice GnWz


Innate Abilities, Weirdness & Mutations

Your experience applies equally to all skills.
You have very sharp teeth.
Your uncanny sense of smell can sniff out nearby items.


Message History

The hippogriff barely misses you. x2
Press: ? - help, v - describe, . - travel
Here: a hippogriff (severely wounded, slow)
The floor, spattered with blood.
You hit the hippogriff. You freeze the hippogriff.
The hippogriff is almost dead.
Unknown command.
You closely miss the hippogriff.
You bite the hippogriff, but do no damage.
The hippogriff is almost dead.
The hippogriff closely misses you. x2
The hippogriff claws you but does no damage.
Unknown command.
You hit the hippogriff. You freeze the hippogriff.
The hippogriff is almost dead.
The hippogriff bites you.
* * * LOW HITPOINT WARNING * * *
The hippogriff pecks you but does no damage.
The hippogriff claws you.
You die...

#### ### #####
#P.######.####.#.##########
................@H†.......#
........###########.......#
........# #........#
.....[..# ##.......#
........# #.......P#
........# #.......##
#####...# #..P###.# ##...#
#..## .# ## #....#


You could see a hippogriff.

Vanquished Creatures
  Erica (D:8)
  A two-headed ogre (D:9)
  Maurice (D:9)
  A spiny frog (Lair:1)
  A troll (D:8)
  A meliai zombie (D:9)
  A hippogriff (D:8)
  A human (D:7)
  11 yaks
  A hungry ghost (D:9)
  A wyvern (D:9)
  A hog (D:7)
  A steam dragon (D:7)
  A vampire mosquito (D:7)
  2 water moccasins (Lair:1)
  Purgy (Sewer)
  A porcupine (Lair:1)
  2 orc warriors
  2 sky beasts (D:9)
  3 wolves (D:8)
  4 ogres
  A phantom (D:5)
  4 centaurs
  Blork the orc (D:4)
  4 bullfrogs
  A scorpion (D:6)
  5 killer bees
  9 electric eels (D:8)
  9 crimson imps
  A quasit (D:7)
  A bullfrog zombie (D:5)
  A centaur zombie (D:8)
  7 hounds
  4 jellies
  4 orc priests (D:7)
  3 orc wizards
  2 centaur skeletons
  2 iguanas
  6 worker ants
  A hound zombie (D:8)
  A hound skeleton (D:4)
  A howler monkey zombie (D:9)
  2 worker ant zombies (D:9)
  13 adders
  A gnoll (D:5)
  A shadow imp (D:7)
  An ooze (D:2)
  2 adder zombies
  An adder skeleton (D:5)
  5 worms
  4 dart slugs
  5 leopard geckos
  21 orcs
  2 bat zombies (D:6)
  6 giant cockroaches
  9 hobgoblins
  8 jackals
  6 quokkas
  2 ball pythons (Sewer)
  10 bats
  9 frilled lizards
  8 goblins
  A jackal skeleton (D:4)
  14 kobolds
  A leopard gecko zombie (D:8)
  A quokka skeleton (D:6)
  13 rats
  2 rat zombies (D:6)
255 creatures vanquished.

Vanquished Creatures (others)
  6 plants
6 creatures vanquished.

Grand Total: 261 creatures vanquished

Notes
Turn   | Place    | Note
-------+----------+-------------------------------------------
     0 | D:1      | IBeShadow the Gnoll Wanderer began the quest for the Orb.
     0 | D:1      | IBeShadow set off with the following items: a +0 hand axe,
                  | a +2 scale mail, a scroll of teleportation, a +0 dagger, a
                  | ration
     0 | D:1      | Reached XP level 1. HP: 20/20 MP: 1/1
   153 | D:1      | Reached XP level 2. HP: 26/26 MP: 2/2
   382 | D:1      | Reached XP level 3. HP: 31/31 MP: 3/3
   551 | D:1      | Found a glowing golden altar of the Shining One.
   974 | D:2      | Found a glowing silver altar of Zin.
   993 | D:2      | Reached skill level 1 in Invocations
  1056 | D:2      | Found a shadowy altar of Dithmenos.
  1102 | D:2      | Found a sparkling altar of Nemelex Xobeh.
  1148 | D:2      | Reached skill level 1 in Short Blades
  1148 | D:2      | Reached skill level 1 in Long Blades
  1148 | D:2      | Reached skill level 1 in Maces & Flails
  1148 | D:2      | Reached skill level 1 in Polearms
  1148 | D:2      | Reached skill level 1 in Staves
  1148 | D:2      | Reached skill level 1 in Slings
  1148 | D:2      | Reached skill level 1 in Bows
  1148 | D:2      | Reached skill level 1 in Throwing
  1148 | D:2      | Reached skill level 1 in Dodging
  1148 | D:2      | Reached skill level 1 in Shields
  1148 | D:2      | Reached skill level 1 in Unarmed Combat
  1148 | D:2      | Reached skill level 1 in Spellcasting
  1148 | D:2      | Reached skill level 1 in Evocations
  1202 | D:2      | Reached XP level 4. HP: 37/38 MP: 5/5
  1417 | D:2      | Found a faded altar of an unknown god.
  1567 | D:2      | Found a blossoming altar of Fedhas.
  1567 | D:2      | Found a bloodstained altar of Trog.
  1754 | D:3      | Found a radiant altar of Vehumet.
  1801 | D:3      | Reached skill level 1 in Conjurations
  1801 | D:3      | Reached skill level 1 in Hexes
  1801 | D:3      | Reached skill level 1 in Charms
  1801 | D:3      | Reached skill level 1 in Summonings
  1801 | D:3      | Reached skill level 1 in Necromancy
  1801 | D:3      | Reached skill level 1 in Translocations
  1801 | D:3      | Reached skill level 1 in Transmutations
  1801 | D:3      | Reached skill level 1 in Fire Magic
  1801 | D:3      | Reached skill level 1 in Ice Magic
  1801 | D:3      | Reached skill level 1 in Air Magic
  1801 | D:3      | Reached skill level 1 in Earth Magic
  1801 | D:3      | Reached skill level 1 in Poison Magic
  1838 | D:3      | Found a glowing drain.
  1866 | Sewer    | Entered a sewer
  1881 | Sewer    | Reached XP level 5. HP: 41/43 MP: 4/6
  1895 | Sewer    | Noticed Purgy
  1945 | Sewer    | Killed Purgy
  2313 | D:3      | Reached XP level 6. HP: 49/50 MP: 8/8
  2918 | D:4      | Found a hazy altar of Hepliaklqana.
  3153 | D:4      | Noticed Blork the orc
  3164 | D:4      | Reached skill level 5 in Fighting
  3172 | D:4      | Killed Blork the orc
  3236 | D:4      | Reached XP level 7. HP: 47/56 MP: 7/10
  3463 | D:5      | Entered Level 5 of the Dungeon
  3896 | D:5      | Reached skill level 9 in Armour
  3896 | D:5      | Reached skill level 5 in Stealth
  4163 | D:5      | Found a runed translucent door.
  4166 | D:5      | Noticed ThePandamanX's ghost (amateur MiBe)
  4182 | D:5      | Reached XP level 8. HP: 32/63 MP: 7/12
  4537 | D:5      | Found an iron altar of Okawaru.
  4674 | D:6      | Found a white marble altar of Elyvilon.
  4823 | D:6      | Found a staircase to the Ecumenical Temple.
  4878 | Temple   | Entered the Ecumenical Temple
  5353 | D:6      | Learned a level 2 spell: Call Imp
  5380 | D:6      | Found an ancient bone altar of Kikubaaqudgha.
  5450 | D:6      | Found an opulent altar of Gozag.
  6225 | D:7      | Noticed a yak
  6226 | D:7      | Noticed a yak
  6226 | D:7      | Noticed a yak
  6243 | D:7      | Reached XP level 9. HP: 49/69 MP: 11/14
  6843 | D:7      | Found a snail-covered altar of Cheibriados.
  6876 | D:7      | Became a worshipper of Cheibriados the Contemplative
  6896 | D:7      | Found an iron altar of Okawaru.
  6982 | D:7      | Reached skill level 5 in Axes
  6982 | D:7      | Reached skill level 5 in Crossbows
  8105 | D:8      | Noticed a troll
  8176 | D:8      | Reached skill level 5 in Invocations
  8231 | D:8      | Reached skill level 5 in Unarmed Combat
  8231 | D:8      | Reached XP level 10. HP: 21/77 MP: 10/17
  8353 | D:8      | Reached * piety under Cheibriados
  8706 | D:8      | Found a staircase to the Lair.
  9240 | D:8      | HP: 2/77 [electric eel/bolt of electricity (7)]
 10177 | D:8      | Found a runed translucent gate.
 10177 | D:8      | Found a runed translucent gate.
 10178 | D:8      | Found a runed translucent gate.
 10178 | D:8      | Noticed ahnwi's ghost (novice TrAK)
 10178 | D:8      | Noticed growler's ghost (novice GnWz)
 10414 | D:8      | Reached skill level 5 in Short Blades
 10414 | D:8      | Reached skill level 5 in Long Blades
 10414 | D:8      | Reached skill level 5 in Maces & Flails
 10414 | D:8      | Reached skill level 5 in Polearms
 10414 | D:8      | Reached skill level 5 in Staves
 10414 | D:8      | Reached skill level 5 in Slings
 10414 | D:8      | Reached skill level 5 in Bows
 10414 | D:8      | Reached skill level 5 in Throwing
 10414 | D:8      | Reached skill level 5 in Dodging
 10414 | D:8      | Reached skill level 5 in Shields
 10414 | D:8      | Reached skill level 5 in Spellcasting
 10414 | D:8      | Reached skill level 5 in Evocations
 10566 | D:8      | Noticed Erica
 10573 | D:8      | Killed Erica
 10573 | D:8      | Reached skill level 10 in Armour
 12461 | D:9      | Reached ** piety under Cheibriados
 12485 | D:9      | Noticed a two-headed ogre
 12494 | D:9      | Killed a two-headed ogre
 12643 | D:9      | Noticed Maurice
 12663 | D:9      | Killed Maurice
 12663 | D:9      | Reached XP level 11. HP: 84/84 MP: 19/19
 13292 | D:9      | Got a faintly glowing jade amulet
 13696 | D:9      | Identified the amulet "Pyovveif" {Faith Dex+4} (You found
                  | it on level 9 of the Dungeon)
 13765 | Lair:1   | Entered Level 1 of the Lair of Beasts
 13790 | Lair:1   | Reached *** piety under Cheibriados
 13828 | Lair:1   | Reached skill level 5 in Conjurations
 13828 | Lair:1   | Reached skill level 5 in Hexes
 13828 | Lair:1   | Reached skill level 5 in Charms
 13828 | Lair:1   | Reached skill level 5 in Summonings
 13828 | Lair:1   | Reached skill level 5 in Necromancy
 13828 | Lair:1   | Reached skill level 5 in Translocations
 13828 | Lair:1   | Reached skill level 5 in Transmutations
 13828 | Lair:1   | Reached skill level 5 in Fire Magic
 13828 | Lair:1   | Reached skill level 5 in Ice Magic
 13828 | Lair:1   | Reached skill level 5 in Air Magic
 13828 | Lair:1   | Reached skill level 5 in Earth Magic
 13828 | Lair:1   | Reached skill level 5 in Poison Magic
 14116 | Lair:1   | HP: 4/85 [hippogriff (8)]
 14123 | Lair:1   | HP: 2/85 [hippogriff (4)]
 14123 | Lair:1   | Slain by a hippogriff

Skill      XL: |  1  2  3  4  5  6  7  8  9 10 11 |
---------------+----------------------------------+-----
Invocations    | 1 2 3 4 5 6 |  6.7
Short Blades   | 1 2 3 4 5 6 |  6.1
Long Blades    | 1 2 3 4 5 6 |  6.1
Maces & Flails | 1 2 3 4 5 6 |  6.1
Polearms       | 1 2 3 4 5 6 |  6.1
Staves         | 1 2 3 4 5 6 |  6.1
Slings         | 1 2 3 4 5 6 |  6.1
Bows           | 1 2 3 4 5 6 |  6.1
Throwing       | 1 2 3 4 5 6 |  6.1
Dodging        | 1 2 3 4 5 6 |  6.1
Shields        | 1 2 3 4 5 6 |  6.1
Unarmed Combat | 1 2 3 5 6 7 |  7.5
Spellcasting   | 1 2 3 4 5 6 |  6.1
Evocations     | 1 2 3 4 5 6 |  6.1
Conjurations   | 1 2 3 4 5 |  5.1
Hexes          | 1 2 3 4 5 |  5.1
Charms         | 1 2 3 4 5 |  5.1
Summonings     | 1 2 3 4 5 |  5.1
Necromancy     | 1 2 3 4 5 |  5.1
Translocations | 1 2 3 4 5 |  5.1
Transmutations | 1 2 3 4 5 |  5.1
Fire Magic     | 1 2 3 4 5 |  5.1
Ice Magic      | 1 2 3 4 5 |  5.1
Air Magic      | 1 2 3 4 5 |  5.1
Earth Magic    | 1 2 3 4 5 |  5.1
Poison Magic   | 1 2 3 4 5 |  5.1
Axes           | 3 4 5 6 |  6.7
Crossbows      | 3 4 5 6 |  6.7
Fighting       | 5 6 7 |  7.7
Armour         | 9 10 | 10.4
Stealth        | 5 6 7 |  7.5

Action                   |  1- 3 |  4- 6 |  7- 9 | 10-12 || total
-------------------------+-------+-------+-------+-------++-------
Melee: Hand axe          |   122 |     9 |       |       ||   131
       Bite              |    13 |    28 |    35 |    32 ||   108
       Falchion          |       |   205 |       |       ||   205
       Punch             |       |     2 |       |       ||     2
       Halberd           |       |    11 |   401 |   260 ||   672
 Fire: Blowgun           |       |       |     2 |    33 ||    35
Throw: Tomahawk          |       |       |       |     2 ||     2
Invok: Bend Time         |       |       |       |     4 ||     4
Evoke: Wand              |       |       |     8 |     7 ||    15
  Use: Scroll            |       |     4 |     5 |     3 ||    12
       Potion            |       |     4 |     1 |     2 ||     7
 Stab: Sleeping          |     2 |     4 |     5 |     3 ||    14
       Distracted        |       |       |     1 |     1 ||     2
  Eat: Chunk             |     1 |     7 |    14 |     9 ||    31
       Ration            |       |       |     1 |     1 ||     2
Armor: Scale mail        |   100 |   186 |   223 |   152 ||   661
Dodge: Dodged            |    81 |   172 |   300 |   294 ||   847
       Rpst.: Falchion   |       |    44 |       |       ||    44
